 Dungeon Crawl Stone Soup version 0.26-a0-812-g31a745ddcd (webtiles) character file.

Game seed: 8727750440145968327

9203 kae the Martial Artist (level 11, -5/66 HPs)
             Began as a Tengu Transmuter on Nov 20, 2020.
             Was an Elder of Wu Jian.
             Slain by a komodo dragon (20 damage)
             ... on level 10 of the Dungeon.
             The game lasted 00:10:36 (16223 turns).

kae the Martial Artist (Tengu Transmuter)          Turns: 16223, Time: 00:10:36

Health: -5/66      AC: 14    Str: 13    XL:     11   Next: 42%
Magic:  16/16      EV: 11    Int: 21    God:    Wu Jian [****..]
Gold:   530        SH:  0    Dex: 14    Spells: 15/16 levels left

rFire    + . .     SeeInvis .     - Unarmed
rCold    . . .     Faith    .   (no shield)
rNeg     . . .     Spirit   .   c - +0 chain mail
rPois    .         Reflect  .   (helmet restricted)
rElec    .         Harm     .   o - +1 cloak
rCorr    .         Rampage  .   v - +0 pair of gloves
MR       .....                  (boots unavailable)
Stlth    ..........             (no amulet)
HPRegen  0.21/turn              s - +6 ring of intelligence
MPRegen  0.15/turn              j - ring of protection from fire

@: confused, flying quickly and evasively, very slightly contaminated,
invisible, quick
A: beak, talons 3, able to fly
a: Stop Flying, Wall Jump, Serpent's Lash, Renounce Religion


You were on level 10 of the Dungeon.
You worshipped Wu Jian.
Wu Jian was greatly pleased with you.
You visited 3 branches of the dungeon, and saw 13 of its levels.

You collected 530 gold pieces.

Inventory:

Armour
 a - a +0 robe
 c - a +0 chain mail (worn)
 e - a +0 plate armour
 o - a +1 cloak (worn)
 v - a +0 pair of gloves (worn)
Jewellery
 d - an uncursed ring of stealth
 j - a ring of protection from fire (right hand)
 s - a +6 ring of intelligence (left hand)
 D - an uncursed amulet of faith
Wands
 h - a wand of disintegration (30)
 r - a wand of paralysis (3)
 t - a wand of enslavement (15)
 x - a wand of iceblast (13)
 y - a wand of random effects (23)
 z - a wand of flame (10)
Scrolls
 b - 2 scrolls of enchant weapon
 f - 3 scrolls of identify
 k - 6 scrolls of remove curse
 w - 2 scrolls of teleportation
 C - a scroll of fog
Potions
 g - a potion of attraction
 m - a potion of resistance
 n - a potion of ambrosia
 p - a potion of invisibility
 q - 2 potions of mutation
 u - a potion of flight
 A - 6 potions of curing
 B - a potion of brilliance


   Skills:
 + Level 6.6 Fighting
 + Level 7.1 Armour
 + Level 7.5 Dodging
 * Level 10.6 Unarmed Combat
 - Level 3.0 Spellcasting
 * Level 8.0 Transmutations


You had 15 spell levels left.
You knew the following spells:

 Your Spells              Type           Power        Failure   Level
a - Beastly Appendage     Tmut           #####.       11%         1

Your spell library contained the following spells:

 Spells                   Type           Power        Failure   Level
 Wereblood                Tmut           #####...     16%         2
 Spider Form              Tmut/Pois      ###.......   85%         3
 Magic Dart               Conj           #...         95%         1
 Blade Hands              Tmut           #####.....   96%         5
 Searing Ray              Conj           #.....       99%         2
 Ice Form                 Ice/Tmut       ###.....     99%         4
 Dazzling Flash           Conj/Hex       #.....       100%        3
 Fulminant Prism          Conj/Hex       #.........   100%        4
 Iskenderun's Mystic Bla  Conj/Tloc      #.......     100%        4
 Bolt of Magma            Conj/Fire/Erth #.........   100%        5
 Iskenderun's Battlesphe  Conj           #.......     100%        5
 Iron Shot                Conj/Erth      #.........   100%        6
 Orb of Destruction       Conj           #.........   100%        7
 Spellforged Servitor     Conj/Summ      #.........   100%        7


Dungeon Overview and Level Annotations

Branches:
Dungeon (11/15)            Temple (1/1) D:4            Lair (1/6) D:10
    Orc: D:9-12

Altars:
Ashenzari
Cheibriados
Dithmenos
Elyvilon
Fedhas
Gozag
Hepliaklqana
Kikubaaqudgha
Makhleb
Nemelex Xobeh
Okawaru
Qazlal
Ru
Sif Muna
Trog
Uskayaw
Vehumet
Wu Jian
Xom
Yredelemnul
Zin
The Shining One

Shops:
D:6 }   D:10 [

Annotations:
D:5 3 runed translucent doors, kae's ghost, novice TeTm
D:6 exclusion: statue


Innate Abilities, Weirdness & Mutations

You have a beak for a mouth.
You have claws for feet.
You can fly continuously.


Message History

Okay, then.
You are confused.
You feel invigorated. The komodo dragon bites you.
* * * LOW HITPOINT WARNING * * *
You fade into invisibility!
The komodo dragon bites you.
* * * LOW HITPOINT WARNING * * *
You are very lightly contaminated with residual magic.
Okay, then.
You hit the komodo dragon but do no damage.
Your kick misses the komodo dragon.
The komodo dragon is moderately wounded.
The komodo dragon bites you.
* * * LOW HITPOINT WARNING * * *
You punch the komodo dragon! Your punch misses the komodo dragon.
The komodo dragon is heavily wounded.
The komodo dragon hisses menacingly.
The komodo dragon misses you.
You bump into the stone wall.
The komodo dragon bites you!!
You die...

### ### ## #@## ##.###. ##
##l#########.....# .####
#F...##.#...#....
#...#######
######.##.........
.###...##.#
#.#.###...........
..#####.[####
##...........#...#. ###
#...[.###.........##......#
###.........###.#.####..#.#
############..##.# ###.##


You could see a komodo dragon and a cane toad.

Vanquished Creatures
  A cane toad (Lair:1)
  A rime drake (Lair:1)
  2 komodo dragons
  Maggie (D:10)
  A kobold demonologist (D:8)
  4 wyverns (D:10)
  3 yaks
  A steam dragon (D:10)
  2 water moccasins
  A black bear (D:7)
  3 orc warriors
  2 sky beasts
  2 ice beasts (D:6)
  4 ogres
  2 phantoms
  8 centaurs
  15 big kobolds
  9 bullfrogs
  2 gnoll sergeants
  2 scorpions
  6 killer bees
  8 wights
  3 electric eels (D:7)
  2 vampire bats (D:4)
  A howler monkey (D:4)
  2 bullfrog zombies
  A quasit (D:9)
  6 hounds
  3 orc priests
  3 jellies
  9 orc wizards
  3 bullfrog skeletons
  A centaur skeleton (D:4)
  Jessica (D:3)
  Terence (D:3)
  5 iguanas
  9 worker ants
  A hound zombie (D:5)
  4 hound skeletons
  11 gnolls
  A howler monkey zombie (D:5)
  13 adders
  3 shadow imps
  6 ufetubi
  An ooze (D:4)
  An adder zombie (D:8)
  An adder skeleton (D:5)
  4 worms
  2 dart slugs (D:4)
  6 leopard geckos
  27 orcs
  4 ball pythons
  8 bats
  4 bat zombies (D:4)
  5 giant cockroaches
  5 goblins
  6 hobgoblins
  12 jackals
  4 quokkas
  5 frilled lizards
  A jackal skeleton (D:9)
  21 kobolds
  3 leopard gecko skeletons
  A leopard gecko zombie (D:5)
  2 quokka skeletons
  8 rats
300 creatures vanquished.

Vanquished Creatures (others)
  A fungus (Lair:1)
  16 plants
17 creatures vanquished.

Grand Total: 317 creatures vanquished

Notes
Turn   | Place    | Note
-------+----------+-------------------------------------------
     0 | D:1      | kae the Tengu Transmuter began the quest for the Orb.
     0 | D:1      | Reached XP level 1. HP: 12/12 MP: 4/4
   466 | D:1      | Reached XP level 2. HP: 16/16 MP: 6/6
   947 | D:1      | Reached XP level 3. HP: 20/20 MP: 7/7
  1254 | D:2      | Reached skill level 1 in Armour
  1544 | D:2      | Reached XP level 4. HP: 14/25 MP: 8/8
  1857 | D:2      | Reached skill level 4 in Unarmed Combat
  2143 | D:3      | Noticed Jessica
  2145 | D:3      | Noticed Terence
  2146 | D:3      | Killed Jessica
  2146 | D:3      | Gained mutation: You can fly continuously. [Tengu growth]
  2146 | D:3      | Reached XP level 5. HP: 23/30 MP: 9/9
  2179 | D:3      | Killed Terence
  2523 | D:3      | Found a hazy altar of Hepliaklqana.
  2533 | D:3      | Found a shadowy altar of Dithmenos.
  2534 | D:3      | Noticed a shadow
  2850 | D:3      | Reached XP level 6. HP: 34/35 MP: 11/11
  3522 | D:4      | Found an ancient bone altar of Kikubaaqudgha.
  3692 | D:4      | Reached skill level 5 in Unarmed Combat
  3939 | D:4      | Found a staircase to the Ecumenical Temple.
  3942 | D:4      | Noticed a phantom
  3955 | D:4      | Reached XP level 7. HP: 13/40 MP: 12/12
  3970 | Temple   | Entered the Ecumenical Temple
  4313 | Temple   | Became a worshipper of the Wu Jian Council
  4902 | D:4      | HP: 2/40 [orc/+0 war axe of electrocution (16)]
  5271 | D:4      | Found a bloodstained altar of Trog.
  5538 | D:5      | Entered Level 5 of the Dungeon
  5575 | D:5      | Reached XP level 8. HP: 33/46 MP: 13/13
  5812 | D:5      | Found a runed translucent gate.
  5812 | D:5      | Found a runed translucent gate.
  5813 | D:5      | Found a runed translucent gate.
  5813 | D:5      | Noticed kae's ghost (novice TeTm)
  5828 | D:5      | Reached skill level 6 in Unarmed Combat
  5954 | D:5      | Reached * piety under Wu Jian
  6420 | D:5      | Found a stormy altar of Qazlal.
  6974 | D:6      | Found a sacrificial altar of Ru.
  6974 | D:6      | Found a sparkling altar of Nemelex Xobeh.
  6975 | D:6      | Found a burning altar of Makhleb.
  7018 | D:6      | Found a radiant altar of Vehumet.
  7053 | D:6      | Reached skill level 7 in Unarmed Combat
  7053 | D:6      | Reached skill level 5 in Transmutations
  7053 | D:6      | Reached XP level 9. HP: 28/52 MP: 14/14
  7200 | D:6      | Found a white marble altar of Elyvilon.
  7252 | D:6      | Found an opulent altar of Gozag.
  7290 | D:6      | Reached skill level 5 in Dodging
  8124 | D:6      | Found Zutoytuf's Gadget Emporium.
  8441 | D:7      | Reached ** piety under Wu Jian
  8455 | D:7      | Reached skill level 5 in Armour
  8455 | D:7      | Reached skill level 8 in Unarmed Combat
  9211 | D:7      | Reached skill level 5 in Fighting
  9700 | D:7      | Reached XP level 10. HP: 56/59 MP: 15/15
 10378 | D:8      | Found a white marble altar of Elyvilon.
 10462 | D:8      | Found a basalt altar of Yredelemnul.
 10706 | D:8      | Noticed a kobold demonologist
 10711 | D:8      | Reached *** piety under Wu Jian
 10723 | D:8      | Killed a kobold demonologist
 10723 | D:8      | Reached skill level 9 in Unarmed Combat
 12133 | D:9      | Reached **** piety under Wu Jian
 12675 | D:9      | Reached skill level 10 in Unarmed Combat
 12675 | D:9      | Reached XP level 11. HP: 64/64 MP: 16/16
 13274 | D:9      | Found a shimmering blue altar of Sif Muna.
 13342 | D:10     | Entered Level 10 of the Dungeon
 13492 | D:10     | Found Xeabeops's Antique Armour Boutique.
 13870 | D:10     | Noticed Maggie
 13883 | D:10     | Killed Maggie
 13931 | D:10     | HP: 1/65 [komodo dragon (23)]
 14634 | D:10     | Found a staircase to the Lair.
 14715 | D:11     | Noticed a skeletal warrior
 14715 | D:11     | Noticed a skeletal warrior
 14716 | D:11     | Noticed a skeletal warrior
 14716 | D:11     | Noticed a skeletal warrior
 14718 | D:11     | Noticed a skeletal warrior
 15456 | Lair:1   | Entered Level 1 of the Lair of Beasts
 16218 | D:10     | HP: 3/66 [komodo dragon (26)]
 16223 | D:10     | Slain by a komodo dragon

Illustrated notes

Levels and vault maps discovered:
D:1:      dpeg_arrival_ternary, layout_basic
D:2:      layout_rooms, feat_on_display
D:3:      layout_basic, riverfiend_overflow_shadow_ancestor, uniq_jessica,
          uniq_terence
D:4:      layout_basic, kennysheep_vampire_church, bloody_trog,
          minmay_temple_entry_mini_moons, minmay_misc_feat_tower
D:5:      layout_basic, grunt_qazlal_sundering, gammafunk_ghost_split,
          minmay_joined_circles
D:6:      layout_basic, vehumet_statue, grunt_gozag_statues,
          gammafunk_temple_overflow_forgotten, serial_shops, shop,
          grunt_ministairs_14, elyvilon_altar_5
D:7:      layout_rooms, minivault_4, water_boxes_lemuel
D:8:      layout_basic, kennysheep_ying_yang, special_room [special_room_kobold]
D:9:      layout_basic, lemuel_blue_sif_altar
D:10:     layout_roguey, erik_lair_dragon, serial_glass, glass_columns_a,
          glass_columns_a, glass_columns_b, glass_columns_a, glass_columns_b,
          glass_columns_b, serial_shops, nicolae_shop_overgrown_old_shop,
          uniq_maggie
D:11:     layout_rooms, david_orc_2, portal_ice_cave_entry_ice_beasts,
          enter_bailey_8, uniq_snorg, uniq_grum, uniq_maurice
Temple:   compressed_dpeg_triangle_lava_temple
Lair:1:   layout_cave_pods, minmay_shattered_shrine, grunt_megastairs_1,
          lemuel_fruit_tree, lemuel_fruit_fields, minmay_lair_oklob_chamber

Skill      XL: |  1  2  3  4  5  6  7  8  9 10 11 |
---------------+----------------------------------+-----
Transmutations | 2 3 4 5 6 7 8 |  8.0
Armour         | 1 2 3 4 5 6 7 |  7.1
Unarmed Combat | 4 5 7 8 10 | 10.6
Dodging        | 3 4 5 7 |  7.5
Fighting       | 2 3 4 5 6 |  6.6
Spellcasting   | 3 |  3.0

Action                   |  1- 3 |  4- 6 |  7- 9 | 10-12 || total
-------------------------+-------+-------+-------+-------++-------
Melee: Unarmed           |   117 |   209 |   483 |   553 ||  1362
       Kick              |    16 |    64 |   113 |   152 ||   345
       Peck              |    22 |    32 |    65 |   101 ||   220
       Punch             |     1 |       |     9 |    15 ||    25
       Headbutt          |       |       |     3 |    14 ||    17
 Cast: Beastly Appendage |     3 |       |     3 |     8 ||    14
Invok: Lunge             |       |       |    17 |    21 ||    38
       Whirlwind         |       |       |     2 |    12 ||    14
 Abil: Fly               |       |       |     2 |       ||     2
       Stop Flying       |       |       |     1 |       ||     1
Evoke: Wand              |       |       |       |     4 ||     4
  Use: Scroll            |       |    11 |     2 |     9 ||    22
       Potion            |       |       |     4 |     5 ||     9
 Stab: Paralysed         |       |       |       |     5 ||     5
       Invisible         |       |       |       |     1 ||     1
Armor: Plate armour      |   105 |   114 |       |       ||   219
       Robe              |     3 |       |       |       ||     3
       Chain mail        |       |    64 |   244 |   299 ||   607
Dodge: Dodged            |    16 |    50 |   145 |   303 ||   514

Table legend: (Time is in decaauts)
 A = Elapsed time spent in this place.
 B = Non-inter-level travel time spent in this place.
 C = Inter-level travel time spent in this place.
 D = Time resting spent in this place.
 E = Time spent auto-exploring this place.
 F = Levels seen in this place.
 G = Mean time per level.
                   A        B        C        D        E       F      G
               +--------+--------+--------+--------+--------+-----+--------+
         Total |  15775 |  15056 |    719 |   2879 |   9995 |  13 | 1213.5 |
       Dungeon |  15084 |  14401 |    683 |   2751 |   9534 |  11 | 1371.3 |
        Temple |    358 |    323 |     35 |    126 |    196 |   1 |  358.0 |
          Lair |    332 |    332 |      0 |      2 |    264 |   1 |  332.0 |
               +--------+--------+--------+--------+--------+-----+--------+

Top non-repeatable levels by time:
     D:8: 2377 daAuts
    D:10: 2110 daAuts
     D:4: 1742 daAuts
     D:6: 1628 daAuts
     D:3: 1353 daAuts
     D:7: 1295 daAuts
     D:9: 1289 daAuts
     D:5: 1207 daAuts
     D:1: 1073 daAuts
     D:2: 975 daAuts
  Temple: 358 daAuts
  Lair:1: 332 daAuts
    D:11: 29 daAuts
